 Dungeon Crawl Stone Soup version 0.21-a0-504-g2eda330 (webtiles) character file.

25 Gorice the Changer (level 2, -1/23 HPs)
             Began as a Demonspawn Wanderer on Nov 25, 2017.
             Slain by Natasha (10 damage)
             ... on level 2 of the Dungeon.
             The game lasted 00:03:44 (1293 turns).

Gorice the Changer (Demonspawn Wanderer)            Turns: 1293, Time: 00:03:44

Health: -1/23      AC:  0    Str: 11    XL:     2   Next: 82%
Magic:  4/5        EV: 17    Int: 14    God:
Gold:   74         SH:  0    Dex: 17    Spells: 4/5 levels left

rFire    . . .     SeeInvis .   (weapon currently unavailable)
rCold    . . .     Gourm    .   (shield currently unavailable)
rNeg     . . .     Faith    .   (armour currently unavailable)
rPois    .         Spirit   .   (helmet currently unavailable)
rElec    .         Reflect  .   (cloak currently unavailable)
rCorr    .         Harm     .   (gloves currently unavailable)
MR       .....                  (boots currently unavailable)
Stlth    ++........             m - amulet of regeneration
HPRegen  0.47/turn              (ring currently unavailable)
MPRegen  0.09/turn              (ring currently unavailable)

@: bat-form, flying, very slightly contaminated, very quick
A: tiny
a: no special abilities


You were on level 2 of the Dungeon.
You were not hungry.
You were in bat-form.
You visited 1 branch of the dungeon, and saw 2 of its levels.

You collected 74 gold pieces.

Inventory:

Hand Weapons
 e - a +0 dagger (melded)
 j - a +0 mace
Missiles
 g - 22 sling bullets
 h - 18 poisoned needles
 k - 6 tomahawks (quivered)
 Y - 49 stones
Armour
 d - a +0 robe (melded)
Jewellery
 l - a +4 ring of intelligence (melded)
 m - an amulet of regeneration (around neck)
Scrolls
 b - a scroll of teleportation {!r}
 n - a scroll of enchant weapon {unknown}
 o - a scroll of remove curse
Potions
 c - a potion of curing
 p - a potion of degeneration {unknown}
Books
 a - a Young Poisoner's Handbook
Comestibles
 f - 3 bread rations {!e}
 i - 2 chunks of flesh


   Skills:
 + Level 2.5 Fighting
 - Level 1.0 Stealth
 - Level 2.0 Spellcasting
   Level 1.0 Hexes
   Level 2.6 Transmutations
 - Level 2.0 Poison Magic
   Level 1.0 Evocations


You had 4 spell levels left.
You knew the following spells:

 Your Spells              Type           Power        Failure   Level  Hunger
a - Sting                 Conj/Pois      #...         16%         1    ##.....


Dungeon Overview and Level Annotations

Branches:
Dungeon (2/15)

Altars:

Annotations:
D:2 Natasha


Innate Abilities, Weirdness & Mutations

((You have a pair of small antennae on your head.))


Message History

The magic dart hits you!
Damage: 5 (max 5)
You completely miss Natasha.
Natasha is severely wounded.
Natasha looks more healthy.
Natasha closely misses you.
You hit Natasha but do no damage.
Natasha is severely wounded.
Natasha claws you.
Damage: 3 (max 5)
You hit Natasha but do no damage.
Natasha is severely wounded.
Natasha misses you.
You closely miss Natasha.
Natasha is severely wounded.
Natasha claws you.
* * * LOW HITPOINT WARNING * * *
Damage: 3 (max 5)
You closely miss Natasha.
Natasha is severely wounded.
Natasha zaps a wand.
You turn into a bat.
Your +0 dagger melds into your body.
Your +0 robe melds into your body.
Your +4 ring of intelligence melds into your body.
You feel stupid.
The now-empty wand crumbles to dust.
Unknown command.
You can't do that in your present form.
Sorry, you're not good enough to have a special ability.
You hit Natasha.
Natasha is severely wounded.
Natasha barely misses you.
You barely miss Natasha.
Natasha is severely wounded.
Natasha claws you.
* * * LOW HITPOINT WARNING * * *
Damage: 4 (max 5)
You completely miss Natasha.
Natasha is severely wounded.
Natasha barely misses you.
You hit Natasha but do no damage.
Natasha is severely wounded.
Natasha completely misses you.
You barely miss Natasha.
Natasha is severely wounded.
Natasha barely misses you.
You barely miss Natasha.
Natasha is severely wounded.
You hit Natasha.
Natasha is severely wounded.
Natasha claws you!
You die...

#...# .#
###...### .#
#.......#.#
#........#
#.......#
####..)####
#.........#
#.###.###.#
#.b.#.#
#h#.#.#
#.....###
#.###.......+
#.........###
######..###
#.## ###h###
#.....#


You could see Natasha.

Vanquished Creatures
  An adder (D:2)
  An ooze (D:2)
  2 goblins
  4 hobgoblins (D:1)
  A frilled lizard (D:1)
  A quokka skeleton (D:2)
  2 rats (D:2)
12 creatures vanquished.

Notes
Turn   | Place    | Note
-------+----------+-------------------------------------------
     0 | D:1      | Gorice the Demonspawn Wanderer began the quest for the Orb.
     0 | D:1      | Gorice set off with: a Young Poisoner's Handbook, a scroll of teleportation {!r}, a potion of curing, a +0 robe, a +0 dagger, a bread ration {!e}
     0 | D:1      | Reached XP level 1. HP: 13/13 MP: 3/3
   262 | D:1      | HP: 3/14 [hobgoblin (3)]
   577 | D:1      | Reached skill level 1 in Fighting
   594 | D:1      | Learned a level 1 spell: Sting
  1072 | D:2      | Gained mutation: You have a pair of small antennae on your head. [demonic ancestry]
  1072 | D:2      | Reached XP level 2. HP: 22/22 MP: 5/5
  1080 | D:2      | Reached skill level 2 in Fighting
  1198 | D:2      | Noticed Natasha
  1293 | D:2      | Slain by Natasha

Vault maps used:
D:1:      lemuel_arrival_hallway
D:2:      cheibrodos_old_hovel, lemuel_crystal_altar, cheibriados_altar_1,
          uniq_natasha

Skill      XL: |  1  2 |
---------------+-------+-----
Fighting       | 1 2 |  2.5
Stealth        | |  1.0
Spellcasting   | |  2.0
Hexes          | |  1.0
Transmutations | |  2.6
Poison Magic   | |  2.0
Evocations     | |  1.0

Action                   || total
-------------------------++-------
Melee: Dagger            ||    67
       Unarmed           ||     7
Throw: Tomahawk          ||     5
 Cast: Sting             ||     5
  Use: Scroll            ||     2
 Stab: Sleeping          ||     3
  Eat: Chunk             ||     1
Armor: Robe              ||     6
Dodge: Dodged            ||    33

Table legend:
 A = Spawn XP
 B = Non-spawn XP
 C = Spawn XP percentage of total XP
 D = Spawn monster count
 E = Non-spawn monster count
 F = Spawn count percentage of total count
 G = Total turns spent on level
                    A         B        C        D         E        F      G
               +---------+---------+-------+---------+---------+-------+---------
         Total |       0 |      36 |   0.0 |       0 |      12 |   0.0 |  1293
               +---------+---------+-------+---------+---------+-------+---------
           D:1 |       0 |      11 |   0.0 |       0 |       6 |   0.0 |  1088
           D:2 |       0 |      25 |   0.0 |       0 |       6 |   0.0 |   205
               +---------+---------+-------+---------+---------+-------+---------

Table legend:
 A = Turns spent in this place as a percentage of turns spent in the entire game.
 B = Non-inter-level travel turns spent in this place as a percentage of non-inter-level travel turns spent in the entire game.
 C = Inter-level travel turns spent in this place as a percentage of turns spent in this place.
 D = Turns resting spent in this place as a percentage of non-inter-level travel turns spent in this place.
 E = Turns spent auto-exploring this place as a percentage of non-inter-level travel turns spent in this place.
 F = Non-inter-level travel turns spent in this place divided by the number of levels of this place that you've seen.
                   A       B       C       D       E      F
               +-------+-------+-------+-------+-------+----------------------
         Total | 100.0 | 100.0 |   0.0 |  29.2 |  42.5 | 646.5
       Dungeon | 100.0 | 100.0 |   0.0 |  29.2 |  42.5 | 646.5
               +-------+-------+-------+-------+-------+----------------------

Vault maps used:
D:1:      lemuel_arrival_hallway
D:2:      cheibrodos_old_hovel, lemuel_crystal_altar, cheibriados_altar_1,
          uniq_natasha
